 Dungeon Crawl Stone Soup version bcrawl-1.14 (webtiles) character file.

Game seed: 16883312800111309325

296 Revguard the Covered (level 6, 0/46 HPs)
             Began as a Barachi Archaeologist on Sept 9, 2019.
             Slain by an ogre
             ... wielding a +0 giant club
              (17 damage)
             ... on level 3 of the Dungeon.
             The game lasted 00:10:29 (3062 turns).

Revguard the Covered (Barachi Archaeologist)        Turns: 3062, Time: 00:10:29

Health: 0/46       AC: 10    Str: 13    XL:     6   Next: 35%
Magic:  6/6        EV: 11    Int: 12    God:
Gold:   161        SH:  0    Dex: 12    Spells: 5/5 levels left

rFire    . . .     SeeInvis +   j - +1 hand axe
rCold    . . .     Gourm    .   (no shield)
rNeg     . . .     Faith    .   i - +0 scale mail
rPois    .         Spirit   .   c - +1 hat
rElec    .         Reflect  .   (no cloak)
rCorr    .         Harm     .   (no gloves)
MR       .....                  d - +1 pair of boots
Stlth    +.........             (no amulet)
HPRegen  0.15/turn              (no ring)
MPRegen  0.10/turn              (no ring)

@: slow
A: +LOS, swims, see invisible, deterioration 1, dopey 1, slowness 1, strong legs
1
a: Hop


You were on level 3 of the Dungeon.
You were hungry.

You visited 1 branch of the dungeon, and saw 3 of its levels.
You also visited: Sewer.

You collected 161 gold pieces.

Inventory:

Hand Weapons
 a - a +0 whip
 j - a +1 hand axe (weapon)
Armour
 b - a +1 robe
 c - a +1 hat (worn)
 d - a +1 pair of boots (worn)
 i - a +0 scale mail (worn)
Scrolls
 e - 2 scrolls of amnesia
 f - 2 scrolls of enchant weapon
 k - a scroll of fear
 l - 2 scrolls of teleportation
 o - 2 scrolls of magic mapping
 r - a scroll of identify
Potions
 m - 2 potions of flight {unknown}
 p - 2 potions of might {unknown}
 q - a potion of curing {unknown}
Comestibles
 g - 3 rations {!d}
 h - 4 chunks of flesh


   Skills:
 * Level 2.8 Fighting
 + Level 3.0(3.2) Axes
 - Level 1.5(2.5) Maces & Flails
 * Level 4.5 Armour
 + Level 4.3 Dodging
 - Level 3.0 Stealth


You had 5 spell levels left.
You didn't know any spells.
Your spell library was empty.

Dungeon Overview and Level Annotations

Branches:
Dungeon (3/12)

Altars:


Innate Abilities, Weirdness & Mutations

Shadows flee at your approach. (+LOS)
You can swim through water.
You cover ground slowly.
You can hop short distances.
You have supernaturally acute eyesight. (SInv)
Your body sometimes deteriorates upon taking damage.
You are dopey. (Int -2)


Message History

The ogre is moderately wounded.
The ogre hits you with a +0 giant club!
* * * LOW HITPOINT WARNING * * *
Things that are here:
a +0 club; 102 stones; 8 gold pieces The ogre closely misses you.
You feel much better. The ogre barely misses you.
You hit the ogre but do no damage.
The ogre is moderately wounded.
The ogre hits you with a +0 giant club.
Your scale mail prevents you from hitting the ogre.
The ogre is moderately wounded.
You aren't carrying any items that you can evoke.
You closely miss the ogre.
The ogre is moderately wounded.
The ogre hits you with a +0 giant club!
You completely miss the ogre.
The ogre is moderately wounded.
The ogre hits you with a +0 giant club!
You die...

#### ##... #..# ##########.#
. #.........@# #..
#.........O+ .'.
#.....)....# ..#
#..........## ..
#..........)###'###...
#######.........#.)†......!.
....#..........#####.#......
....#.##.......# ... ....
......##......#### ..... ..


You could see an ogre.

Vanquished Creatures
  Purgy (Sewer)
  A jelly (D:3)
  A gnoll (D:1)
  5 adders
  3 worms (D:2)
  3 dart slugs
  11 leopard geckos
  2 orcs (D:3)
  6 ball pythons
  6 bats
  4 giant cockroaches
  8 goblins
  6 hobgoblins
  2 jackals (D:1)
  A quokka (D:3)
  4 frilled lizards
  A giant cockroach zombie (D:1)
  A jackal zombie (D:1)
  13 kobolds
  5 rats
84 creatures vanquished.

Notes
Turn   | Place    | Note
-------+----------+-------------------------------------------
     0 | D:1      | Revguard the Barachi Archaeologist began the quest for the
                  | Orb.
     0 | D:1      | Reached XP level 1. HP: 15/15 MP: 1/1
   168 | D:1      | Reached skill level 1 in Armour
   168 | D:1      | Reached XP level 2. HP: 5/21 MP: 2/2
   468 | D:1      | Reached XP level 3. HP: 23/26 MP: 3/3
   696 | D:1      | Gained mutation: Scrolls take you a little longer to read.
                  | [potion of mutation]
   696 | D:1      | Gained mutation: Your muscles are strong. (Str +2) [potion
                  | of mutation]
  1119 | D:2      | Reached XP level 4. HP: 19/32 MP: 4/4
  1276 | D:2      | Reached skill level 1 in Axes
  2022 | D:3      | Reached XP level 5. HP: 35/38 MP: 5/5
  2038 | D:3      | Found a glowing drain.
  2077 | Sewer    | Entered a sewer
  2144 | Sewer    | Noticed Purgy
  2405 | Sewer    | Killed Purgy
  2405 | Sewer    | Reached XP level 6. HP: 9/46 MP: 6/6
  2868 | D:3      | Lost mutation: Scrolls take you a little longer to read.
                  | [potion of mutation]
  2868 | D:3      | Lost mutation: Your muscles are strong. (Str +2) [potion of
                  | mutation]
  2868 | D:3      | Gained mutation: You are dopey. (Int -2) [potion of
                  | mutation]
  2868 | D:3      | Gained mutation: Your body sometimes deteriorates upon
                  | taking damage. [potion of mutation]
  2868 | D:3      | Gained mutation: You have supernaturally acute eyesight.
                  | (SInv) [potion of mutation]
  3050 | D:3      | HP: 1/46 [ogre/+0 giant club (5)]
  3062 | D:3      | Slain by an ogre

Skill      XL: |  1  2  3  4  5  6 |
---------------+-------------------+-----
Armour         | 1 2 3 4 |  4.5
Dodging        | 4 |  4.3
Axes           | 2 3 |  3.0
Fighting       | 2 |  2.8
Maces & Flails | |  1.5
Stealth        | |  3.0

Action                   |  1- 3 |  4- 6 || total
-------------------------+-------+-------++-------
Melee: Whip              |    58 |       ||    58
       Hand axe          |   116 |   258 ||   374
 Abil: Hop               |     1 |       ||     1
  Use: Potion            |     2 |     7 ||     9
       Scroll            |       |     6 ||     6
 Stab: Sleeping          |     3 |       ||     3
  Eat: Chunk             |     1 |     7 ||     8
Armor: Robe              |    10 |       ||    10
       Scale mail        |   102 |   171 ||   273
       Skin              |       |    12 ||    12
Dodge: Dodged            |   125 |   175 ||   300
